 Dungeon Crawl Stone Soup version 0.21.0 (webtiles) character file.

8122 KeeTraxx the Magician (level 11, -6/85 HPs)
             Began as a Gnoll Skald on Jan 6, 2018.
             Was a High Priest of Lugonu.
             Killed from afar by Josephine (35 damage)
             ... with a ghostly fireball
             ... on level 10 of the Dungeon.
             The game lasted 00:26:20 (9909 turns).

KeeTraxx the Magician (Gnoll Skald)                 Turns: 9909, Time: 00:26:21

Health: -6/85      AC:  7    Str: 13    XL:     11   Next: 25%
Magic:  12/22      EV: 15    Int: 20    God:    Lugonu [*****.]
Gold:   612        SH:  5    Dex: 14    Spells: 18/25 levels left

rFire    + . .     SeeInvis .   p - +0 trident
rCold    + . .     Gourm    .   f - +0 buckler
rNeg     . . .     Faith    .   q - +2 robe {rC+ rF+}
rPois    .         Spirit   .   (no helmet)
rElec    .         Reflect  .   x - +0 cloak
rCorr    +         Harm     .   y - +1 pair of gloves
MR       .....                  (no boots)
Stlth    +++.......             (no amulet)
HPRegen  0.24/turn              o - ring of resist corrosion
MPRegen  0.18/turn              (no ring)

@: infused, heavily drained
A: distributed training, fangs 1, strong nose
a: Depart the Abyss, Bend Space, Banish, Corrupt, Enter the Abyss, Renounce
Religion


You were on level 10 of the Dungeon.
You worshipped Lugonu.
Lugonu was extremely pleased with you.
You were not hungry.

You visited 1 branch of the dungeon, and saw 10 of its levels.
You also visited: Ossuary.

You collected 612 gold pieces.

Inventory:

Hand Weapons
 p - a +0 trident (weapon)
Missiles
 r - 48 sling bullets
 C - 14 tomahawks (quivered)
 M - 2 throwing nets
Armour
 f - a +0 buckler (worn)
 q - a +2 robe of resistance (worn)
 x - a +0 cloak (worn)
 y - a +1 pair of gloves (worn)
Jewellery
 o - a ring of resist corrosion (left hand)
 N - a cursed ring of loudness {unknown}
Wands
 a - a wand of flame (3)
 i - a wand of acid (9)
 B - a wand of random effects (32)
 G - a wand of digging (23)
 J - a wand of polymorph (13)
 K - a wand of iceblast (3)
 L - a wand of disintegration (14)
Scrolls
 g - 5 scrolls of magic mapping
 j - 3 scrolls of teleportation
 l - 2 scrolls of fog
 n - 3 scrolls of remove curse
 s - a scroll of fear
 u - 2 scrolls of identify
 I - 3 scrolls of enchant armour
Potions
 b - 2 potions of haste
 e - 2 potions of berserk rage
 h - 3 potions of agility
 k - 6 potions of mutation
 m - 5 potions of curing
 t - a potion of heal wounds
 w - a potion of degeneration {unknown}
 z - a potion of invisibility {unknown}
 A - 5 potions of brilliance
 D - a potion of might {unknown}
 E - 3 potions of flight
 F - a potion of lignification
 H - a potion of resistance {unknown}
Books
 c - a book of Battle

   Spells                             Type                      Level
   a - Infusion                       Charms                       1
   b - Shroud of Golubria             Charms/Translocation         2
   c - Song of Slaying                Charms                       2
   d - Spectral Weapon                Hexes/Charms                 3
   e - Regeneration                   Charms/Necromancy            3
Comestibles
 d - 15 rations
 v - 3 chunks of flesh


   Skills:
 + Level 7.6(6.0) Fighting
 + Level 6.0(4.4) Short Blades
 + Level 6.0(4.4) Long Blades
 + Level 6.0(4.4) Axes
 + Level 6.0(4.4) Maces & Flails
 + Level 7.6(6.0) Polearms
 + Level 6.0(4.4) Staves
 + Level 6.0(4.4) Slings
 + Level 6.0(4.4) Bows
 + Level 6.0(4.4) Crossbows
 + Level 6.0(4.4) Throwing
 + Level 6.6(5.0) Armour
 + Level 7.6(6.0) Dodging
 + Level 6.0(4.4) Stealth
 + Level 6.0(4.4) Shields
 + Level 6.0(4.4) Unarmed Combat
 + Level 7.9(6.2) Spellcasting
 + Level 5.0(3.4) Conjurations
 + Level 5.0(3.4) Hexes
 + Level 7.5(5.8) Charms
 + Level 5.0(3.4) Summonings
 + Level 5.0(3.4) Necromancy
 + Level 5.0(3.4) Translocations
 + Level 5.0(3.4) Transmutations
 + Level 5.0(3.4) Fire Magic
 + Level 5.0(3.4) Ice Magic
 + Level 5.0(3.4) Air Magic
 + Level 5.0(3.4) Earth Magic
 + Level 5.0(3.4) Poison Magic
 + Level 6.6(5.0) Invocations
 + Level 6.0(4.4) Evocations


You had 18 spell levels left.
You knew the following spells:

 Your Spells              Type           Power        Failure   Level  Hunger
a - Infusion              Chrm           ####         1%          1    None
b - Regeneration          Chrm/Necr      ###.......   4%          3    ##.....
c - Spectral Weapon       Hex/Chrm       ###.....     4%          3    ##.....


Dungeon Overview and Level Annotations

Branches:
Dungeon (10/15)            Temple (0/1) D:6            Lair (0/6) D:8
    Orc: D:9-12

Altars:
Cheibriados
Fedhas
Kikubaaqudgha
Okawaru
Qazlal
Sif Muna
Trog
Uskayaw
Xom
Yredelemnul
Lugonu

Annotations:
D:10 Josephine


Innate Abilities, Weirdness & Mutations

Your experience applies equally to all skills.
You have very sharp teeth.
Your uncanny sense of smell can sniff out nearby items.


Message History

Josephine hits you with a dagger.
Unknown command.
You closely miss Josephine. You bite Josephine.
Josephine is heavily wounded.
Your spectral weapon hits Josephine from afar.
Josephine hits you with a dagger.
You hit Josephine.
Josephine is heavily wounded.
Your spectral weapon hits Josephine from afar.
Josephine hits you with a dagger!
You puncture Josephine!
Josephine is severely wounded.
Your spectral weapon barely misses Josephine.
Josephine closely misses you.
You hit Josephine!
Josephine is almost dead.
Your spectral weapon hits Josephine from afar!
Josephine casts a spell at you.
The ghostly flame explodes!
The ghostly fireball engulfs you!
You feel drained.
You die...

.# #.# >.>. #o# .#
#.# ...♣ #z# .# #.#
...# .o. # .# #.#
#### .oz..# .#
#.###...# #.....# .#
#. #%...# #.....# .#
#.##.#### #.....' ##
#+##.......###Wz...##
#
#.....####.(@@zW...#
# #####..#
#####W....# # ##.#
....# #.# #+## #.#
#######'##
###........#
##.'........#
...#........#


You could see Josephine, 3 wraiths, 2 wights and a friendly spectral trident.

Vanquished Creatures
  2 two-headed ogres
  Joseph (D:7)
  A centaur skeleton (D:10)
  The ghost of MDvedh the Spear-Bearer, an amateur MfGl of Yredelemnul (D:4)
  Sigmund (D:3)
  A wraith (Ossuary)
  3 yaks (D:8)
  2 basilisks (D:8)
  Menkaure (D:4)
  3 orc warriors
  2 sky beasts
  An ice beast (D:7)
  4 porcupines (D:8)
  5 ogres
  3 phantoms
  A necrophage (D:7)
  The ghost of Lanoc the Firebug, an amateur DrFE (D:3)
  4 centaurs
  3 crocodiles (D:8)
  5 bullfrogs
  6 killer bees (D:8)
  2 howler monkeys (D:10)
  13 wights
  4 crimson imps
  2 centaur zombies
  3 jellies
  A quasit (D:5)
  2 bullfrog zombies
  5 orc wizards
  2 orc priests (D:5)
  Crazy Yiuf (D:3)
  3 hounds
  3 bullfrog skeletons
  Jessica (D:2)
  Ijyb (D:3)
  7 iguanas
  5 worker ants
  A hound zombie (D:5)
  A hound skeleton (D:8)
  A worker ant zombie (D:6)
  11 adders
  2 shadow imps
  An ooze (D:2)
  4 adder zombies
  4 dart slugs
  4 leopard geckos
  29 orcs
  2 ball pythons
  7 giant cockroaches
  9 goblins
  12 hobgoblins
  15 jackals
  3 kobolds (D:1)
  2 quokkas (D:7)
  2 ball python skeletons (Ossuary)
  7 bats
  3 frilled lizards
  2 hobgoblin skeletons (Ossuary)
  2 hobgoblin zombies (Ossuary)
  A jackal zombie (D:6)
  2 rats (D:2)
233 creatures vanquished.

Vanquished Creatures (others)
  A plant (D:8)
  9 spectral weapons
10 creatures vanquished.

Grand Total: 243 creatures vanquished

Notes
Turn   | Place    | Note
-------+----------+-------------------------------------------
     0 | D:1      | KeeTraxx the Gnoll Skald began the quest for the Orb.
     0 | D:1      | Reached XP level 1. HP: 20/20 MP: 6/6
   249 | D:1      | Reached XP level 2. HP: 26/26 MP: 4/7
   272 | D:1      | Found a snail-covered altar of Cheibriados.
   596 | D:1      | Reached XP level 3. HP: 30/31 MP: 9/9
   925 | D:1      | Reached skill level 5 in Spellcasting
  1359 | D:2      | Found a faded altar of an unknown god.
  1393 | D:2      | Reached skill level 1 in Invocations
  1396 | D:2      | Became a worshipper of Lugonu the Unformed
  1396 | D:2      | Reached * piety under Lugonu
  1396 | D:2      | Reached ** piety under Lugonu
  1537 | D:2      | Reached skill level 1 in Short Blades
  1537 | D:2      | Reached skill level 1 in Long Blades
  1537 | D:2      | Reached skill level 1 in Axes
  1537 | D:2      | Reached skill level 1 in Maces & Flails
  1537 | D:2      | Reached skill level 1 in Staves
  1537 | D:2      | Reached skill level 1 in Slings
  1537 | D:2      | Reached skill level 1 in Bows
  1537 | D:2      | Reached skill level 1 in Crossbows
  1537 | D:2      | Reached skill level 1 in Throwing
  1537 | D:2      | Reached skill level 1 in Stealth
  1537 | D:2      | Reached skill level 1 in Shields
  1537 | D:2      | Reached skill level 1 in Unarmed Combat
  1537 | D:2      | Reached skill level 1 in Evocations
  1545 | D:2      | Learned a level 3 spell: Regeneration
  1549 | D:2      | Learned a level 3 spell: Spectral Weapon
  1566 | D:2      | Reached XP level 4. HP: 37/38 MP: 9/11
  1916 | D:2      | Noticed Jessica
  1924 | D:2      | Killed Jessica
  1924 | D:2      | Reached skill level 1 in Conjurations
  1924 | D:2      | Reached skill level 1 in Hexes
  1924 | D:2      | Reached skill level 1 in Summonings
  1924 | D:2      | Reached skill level 1 in Necromancy
  1924 | D:2      | Reached skill level 1 in Translocations
  1924 | D:2      | Reached skill level 1 in Transmutations
  1924 | D:2      | Reached skill level 1 in Fire Magic
  1924 | D:2      | Reached skill level 1 in Ice Magic
  1924 | D:2      | Reached skill level 1 in Air Magic
  1924 | D:2      | Reached skill level 1 in Earth Magic
  1924 | D:2      | Reached skill level 1 in Poison Magic
  2063 | D:2      | Reached XP level 5. HP: 38/43 MP: 8/12
  2233 | D:3      | Noticed Lanoc's ghost (amateur DrFE)
  2255 | D:3      | Killed Lanoc's ghost
  2255 | D:3      | Reached XP level 6. HP: 39/50 MP: 1/13
  2359 | D:3      | Noticed Sigmund
  2372 | D:3      | Killed Sigmund
  2372 | D:3      | Reached skill level 5 in Fighting
  2372 | D:3      | Reached skill level 5 in Polearms
  2372 | D:3      | Reached skill level 5 in Dodging
  2469 | D:3      | Reached *** piety under Lugonu
  2507 | D:3      | Reached XP level 7. HP: 56/56 MP: 9/15
  2786 | D:3      | Noticed Ijyb
  2792 | D:3      | Killed Ijyb
  2923 | D:3      | Found a runed door.
  3010 | D:3      | Noticed Crazy Yiuf
  3014 | D:3      | Killed Crazy Yiuf
  3078 | D:4      | Noticed MDvedh's ghost (amateur MfGl)
  3370 | D:4      | Noticed Menkaure
  3384 | D:4      | Killed Menkaure
  3836 | D:4      | Found a basalt altar of Yredelemnul.
  3923 | D:4      | Killed MDvedh's ghost
  3923 | D:4      | Reached XP level 8. HP: 10/63 MP: 10/16
  4404 | D:5      | Entered Level 5 of the Dungeon
  4512 | D:5      | Found a deep blue altar of Sif Muna.
  4609 | D:5      | Reached **** piety under Lugonu
  4728 | D:5      | Found a stormy altar of Qazlal.
  5341 | D:6      | Found a staircase to the Ecumenical Temple.
  5609 | D:6      | Found an iron altar of Okawaru.
  5614 | D:6      | Reached XP level 9. HP: 69/69 MP: 12/18
  5644 | D:6      | Found a sand-covered staircase.
  5652 | Ossuary  | Entered an ossuary
  5960 | D:6      | Found a blossoming altar of Fedhas.
  6440 | D:6      | Reached skill level 5 in Armour
  6822 | D:7      | Noticed Joseph
  6972 | D:7      | Reached ***** piety under Lugonu
  6972 | D:7      | Reached skill level 5 in Invocations
  7008 | D:7      | Killed Joseph
  7052 | D:7      | Reached XP level 10. HP: 77/77 MP: 14/20
  7630 | D:8      | Found a shimmering altar of Xom.
  7873 | D:8      | Reached skill level 5 in Short Blades
  7873 | D:8      | Reached skill level 5 in Long Blades
  7873 | D:8      | Reached skill level 5 in Axes
  7873 | D:8      | Reached skill level 5 in Maces & Flails
  7873 | D:8      | Reached skill level 5 in Staves
  7873 | D:8      | Reached skill level 5 in Slings
  7873 | D:8      | Reached skill level 5 in Bows
  7873 | D:8      | Reached skill level 5 in Crossbows
  7873 | D:8      | Reached skill level 5 in Throwing
  7873 | D:8      | Reached skill level 5 in Stealth
  7873 | D:8      | Reached skill level 5 in Shields
  7873 | D:8      | Reached skill level 5 in Unarmed Combat
  7873 | D:8      | Reached skill level 5 in Evocations
  7913 | D:8      | Found a staircase to the Lair.
  8368 | D:8      | Noticed a two-headed ogre
  8379 | D:8      | Killed a two-headed ogre
  8583 | D:8      | Found an ancient bone altar of Kikubaaqudgha.
  8583 | D:8      | Found a hide-covered altar of Uskayaw.
  8583 | D:8      | Found a bloodstained altar of Trog.
  8943 | D:9      | Noticed a two-headed ogre
  8945 | D:9      | Killed a two-headed ogre
  8945 | D:9      | Reached XP level 11. HP: 84/84 MP: 18/22
  9584 | D:10     | Entered Level 10 of the Dungeon
  9842 | D:10     | Reached skill level 5 in Conjurations
  9842 | D:10     | Reached skill level 5 in Hexes
  9842 | D:10     | Reached skill level 5 in Summonings
  9842 | D:10     | Reached skill level 5 in Necromancy
  9842 | D:10     | Reached skill level 5 in Translocations
  9842 | D:10     | Reached skill level 5 in Transmutations
  9842 | D:10     | Reached skill level 5 in Fire Magic
  9842 | D:10     | Reached skill level 5 in Ice Magic
  9842 | D:10     | Reached skill level 5 in Air Magic
  9842 | D:10     | Reached skill level 5 in Earth Magic
  9842 | D:10     | Reached skill level 5 in Poison Magic
  9892 | D:10     | Noticed Josephine
  9909 | D:10     | Killed from afar by Josephine

Skill      XL: |  1  2  3  4  5  6  7  8  9 10 11 |
---------------+----------------------------------+-----
Spellcasting   | 5 6 7 |  7.9
Invocations    | 1 2 3 4 5 6 |  6.6
Short Blades   | 1 2 3 4 5 6 |  6.0
Long Blades    | 1 2 3 4 5 6 |  6.0
Axes           | 1 2 3 4 5 6 |  6.0
Maces & Flails | 1 2 3 4 5 6 |  6.0
Staves         | 1 2 3 4 5 6 |  6.0
Slings         | 1 2 3 4 5 6 |  6.0
Bows           | 1 2 3 4 5 6 |  6.0
Crossbows      | 1 2 3 4 5 6 |  6.0
Throwing       | 1 2 3 4 5 6 |  6.0
Stealth        | 1 2 3 4 5 6 |  6.0
Shields        | 1 2 3 4 5 6 |  6.0
Unarmed Combat | 1 2 3 4 5 6 |  6.0
Evocations     | 1 2 3 4 5 6 |  6.0
Conjurations   | 1 2 3 4 5 |  5.0
Hexes          | 1 2 3 4 5 |  5.0
Summonings     | 1 2 3 4 5 |  5.0
Necromancy     | 1 2 3 4 5 |  5.0
Translocations | 1 2 3 4 5 |  5.0
Transmutations | 1 2 3 4 5 |  5.0
Fire Magic     | 1 2 3 4 5 |  5.0
Ice Magic      | 1 2 3 4 5 |  5.0
Air Magic      | 1 2 3 4 5 |  5.0
Earth Magic    | 1 2 3 4 5 |  5.0
Poison Magic   | 1 2 3 4 5 |  5.0
Armour         | 3 4 5 6 |  6.6
Fighting       | 5 6 7 |  7.6
Polearms       | 5 6 7 |  7.6
Dodging        | 5 6 7 |  7.6
Charms         | 6 7 |  7.5

Action                   |  1- 3 |  4- 6 |  7- 9 | 10-12 || total
-------------------------+-------+-------+-------+-------++-------
Melee: Spear             |    96 |    99 |   170 |       ||   365
       Bite              |     6 |     6 |    28 |    26 ||    66
       Trident           |       |       |   185 |   298 ||   483
 Cast: Infusion          |     7 |     5 |    21 |    12 ||    45
       Spectral Weapon   |       |    10 |    44 |    36 ||    90
       Regeneration      |       |       |    13 |    15 ||    28
Evoke: Wand              |       |       |     5 |     2 ||     7
  Use: Scroll            |       |       |    18 |       ||    18
       Potion            |       |       |       |     2 ||     2
 Stab: Sleeping          |     1 |       |    11 |     6 ||    18
       Distracted        |       |       |     5 |     4 ||     9
  Eat: Chunk             |     2 |     4 |    14 |    10 ||    30
       Ration            |       |       |     1 |       ||     1
Armor: Leather armour    |    10 |     5 |       |       ||    15
       Robe              |       |     7 |    28 |    32 ||    67
       Skin              |       |       |       |    59 ||    59
Dodge: Dodged            |    40 |    36 |   137 |   113 ||   326
Block: Buckler           |     7 |    16 |    37 |    58 ||   118
